 Dungeon Crawl Stone Soup version 0.31.0-11-ge490571c62 (webtiles) character file.

Game seed: 10769589935422967369

800 Gadfly the Insei (level 7, -1/52 HPs)
             Began as a Demonspawn Monk on Feb 2, 2024.
             Slain by Prince Ribbit (6 damage)
             ... on level 5 of the Dungeon.
             The game lasted 00:05:21 (3144 turns).

Gadfly the Insei (Demonspawn Monk)                  Turns: 3144, Time: 00:05:22

Health: -1/52      AC:  3    Str: 13    XL:     7   Next: 59%
Magic:  7/7        EV: 13    Int: 13    God:
Gold:   88         SH:  4    Dex: 16    Spells: 6/6 levels left

rFire   + .          .
                       - Unarmed
rCold   . . .        c - orb {light}
rNeg    + + .        l - +0 robe of the Old and Reckless {rN+ Int+3}
rPois   .            (no helmet)
rElec   .            (no cloak)
rCorr   .            (no gloves)
SInv    .            g - +0 pair of boots
Will    .....        (no amulet)
Stlth   +            e - ring of protection from fire
HPRegen 0.28/turn    d - ring of positive energy
MPRegen 0.10/turn

%: no passive effects
@: glowing
A: claws 1, large bone plates 1, demonic guardian 2
a: no special abilities


You were on level 5 of the Dungeon.
You visited 1 branch of the dungeon, and saw 5 of its levels.

You collected 88 gold pieces.

Inventory:

Armour
 c - an orb of light (worn)
 g - a +0 pair of boots (worn)
 l - the +0 robe of the Old and Reckless (worn) {rN+ Int+3}
   (You found it on level 3 of the Dungeon)

   Int+3:     It affects your intelligence (+3).
   rN+:       It protects you from negative energy.
Jewellery
 d - a ring of positive energy (right claw)
 e - a ring of protection from fire (left claw)
Scrolls
 f - a scroll of poison
 h - a scroll of teleportation
 k - 2 scrolls of enchant armour {unknown}
 m - a scroll of blinking
 n - a scroll of identify
Potions
 b - a potion of ambrosia
 i - a potion of resistance
 j - a potion of attraction {unknown}
 p - a potion of enlightenment {unknown}
 q - a potion of brilliance {unknown}


   Skills:
 - Level 3.0 Fighting
 + Level 4.0 Dodging
 * Level 4.9 Unarmed Combat
 * Level 4.3 Evocations
 * Level 3.5 Shapeshifting


You had 6 spell levels left.
You didn't know any spells.
Your spell library contained the following spells:

 Spells                   Type           Power      Damage    Failure   Level
 Tukima's Dance           Hex            0%         N/A       67%         3
 Passage of Golubria      Tloc           0%         N/A       97%         4
 Yara's Violent Unravell  Hex/Alch       0%         3d3       100%        5


Dungeon Overview and Level Annotations

Branches:
Dungeon (5/15)             Temple (0/1) D:5

Altars:

Annotations:
D:5 Prince Ribbit


Innate Abilities, Weirdness & Mutations

You have sharp fingernails.
You are partially covered in large bone plates. (SH +4)
A demonic guardian rushes to your aid.


Message History

Prince Ribbit is moderately wounded.
Prince Ribbit closely misses you.
Prince Ribbit blinks!
Prince Ribbit is nearby!
You closely miss Prince Ribbit.
Prince Ribbit is moderately wounded.
Prince Ribbit hits you.
A demonic guardian appears!
You are too injured to fight recklessly!
You are too injured to fight recklessly!
You are too injured to fight recklessly!
You are too injured to fight recklessly!
You are too injured to fight recklessly!
You are too injured to fight recklessly!
You are too injured to fight recklessly!
You are too injured to fight recklessly!
You are too injured to fight recklessly!
You are too injured to fight recklessly!
You are too injured to fight recklessly!
You are too injured to fight recklessly!
You are too injured to fight recklessly!
You are too injured to fight recklessly!
You are too injured to fight recklessly!
You are too injured to fight recklessly!
You are too injured to fight recklessly!
You are too injured to fight recklessly!
You scratch Prince Ribbit.
Prince Ribbit is moderately wounded.
Prince Ribbit closely misses you.
You claw Prince Ribbit!
Prince Ribbit is heavily wounded.
Prince Ribbit hits you!
* * * LOW HITPOINT WARNING * * *
Your orange demon stings Prince Ribbit.
Your orange demon hits Prince Ribbit!
Prince Ribbit looks weaker.
Prince Ribbit hits you!
* * * LOW HITPOINT WARNING * * *
You scratch Prince Ribbit.
Prince Ribbit is almost dead.
Your orange demon misses Prince Ribbit.
Your orange demon closely misses Prince Ribbit.
Prince Ribbit hits you.
You die...

.........#.......###
.........#.....#...
...............#.#
....#.......††...###
...................##
................#...##
...............†.....#
...............#....###
......#.........@.....#
.....##........F.<....#
#...###..4.........
#.... #........#....
.)... #.#....####... ..
...#....# #.#
.......... ##
.....#...## ...#...#


You could see Prince Ribbit (weak, ally target) and a friendly orange demon
(summoned).

Vanquished Creatures
  Menkaure (D:4)
  A scorpion (D:4)
  An orc wizard (D:4)
  2 iguanas (D:5)
  5 adders
  A ribbon worm (D:3)
  7 orcs
  5 endoplasms
  3 giant cockroaches
  3 hobgoblins
  3 quokkas
  5 ball pythons
  7 bats
  A frilled lizard (D:1)
  3 goblins
  7 kobolds
  A rat (D:1)
56 creatures vanquished.

Vanquished Creatures (collateral kills)
  A water moccasin (D:4)
  An ogre (D:4)
  A phantom (D:5)
  A bombardier beetle (D:5)
  2 hounds
  A jelly (D:5)
  2 orc wizards (D:3)
  5 orcs
  A giant cockroach (D:4)
  A frilled lizard (D:3)
16 creatures vanquished.

Grand Total: 72 creatures vanquished

Notes
Turn   | Place    | Note
-------+----------+-------------------------------------------
     0 | D:1      | Gadfly the Demonspawn Monk began the quest for the Orb.
     0 | D:1      | Reached XP level 1. HP: 18/18 MP: 1/1
   261 | D:1      | Gained mutation: A weak demonic guardian rushes to your
                  | aid. [demonic ancestry]
   261 | D:1      | Reached XP level 2. HP: 24/24 MP: 2/2
   401 | D:1      | Found a faded altar of an unknown god.
   504 | D:1      | Reached skill level 1 in Evocations
   871 | D:2      | Reached skill level 1 in Shapeshifting
   871 | D:2      | Reached XP level 3. HP: 26/29 MP: 3/3
  1325 | D:3      | Gained mutation: You have sharp fingernails. [demonic
                  | ancestry]
  1325 | D:3      | Reached XP level 4. HP: 17/35 MP: 4/4
  1470 | D:3      | Identified the +0 robe of the Old and Reckless {rN+ Int+3}
  2047 | D:4      | Gained mutation: A demonic guardian rushes to your aid.
                  | [demonic ancestry]
  2047 | D:4      | Reached XP level 5. HP: 29/41 MP: 5/5
  2158 | D:4      | Noticed a water moccasin
  2173 | D:4      | Killed a water moccasin
  2176 | D:4      | Gained mutation: You are partially covered in large bone
                  | plates. (SH +4) [demonic ancestry]
  2176 | D:4      | Reached XP level 6. HP: 16/47 MP: 6/6
  2712 | D:4      | Noticed Menkaure
  2720 | D:4      | Killed Menkaure
  2721 | D:4      | Reached XP level 7. HP: 52/52 MP: 7/7
  2949 | D:5      | Entered Level 5 of the Dungeon
  3100 | D:5      | Found a staircase to the Ecumenical Temple.
  3109 | D:5      | Noticed Prince Ribbit
  3121 | D:5      | HP: 1/52 [burnt (2)]
  3144 | D:5      | Slain by Prince Ribbit

Illustrated notes

Levels and vault maps discovered:
D:1:      scummos_arrival_checkerplants, layout_loops_cross,
          ebering_ecumenical_altar_hall
D:2:      layout_rooms, minmay_misc_feat_encased
D:3:      layout_rooms
D:4:      layout_basic, uniq_menkaure
D:5:      layout_cave_pools, minmay_temple_entry_statues_fountains,
          uniq_prince_ribbit1

Skill      XL: |  1  2  3  4  5  6  7 |
---------------+----------------------+-----
Evocations     | 1 2 3 4 |  4.3
Unarmed Combat | 3 4 |  4.9
Shapeshifting  | 1 2 3 |  3.5
Dodging        | 3 4 |  4.0
Fighting       | |  3.0

Action                     |  1- 3 |  4- 6 |  7- 9 || total
---------------------------+-------+-------+-------++-------
  Melee: Unarmed           |    94 |    94 |    46 ||   234
    Use: Scroll            |     3 |     7 |       ||    10
         Potion            |       |     2 |     3 ||     5
   Stab: Distracted        |     2 |       |       ||     2
 Armour: Robe              |    39 |    51 |    33 ||   123
  Dodge: Dodged            |    56 |    58 |    30 ||   144
